 Dungeon Crawl Stone Soup version 0.26-a0-651-gb41185065b (webtiles) character file.

Game seed: 11928982064295667303

53011 kae the Brawler (level 14, -1/115 HPs)
             Began as a Demonspawn Gladiator on Oct 15, 2020.
             Was a High Priest of Wu Jian.
             Killed from afar by a rime drake (28 damage)
             ... with a flash freeze
             ... on level 5 of the Lair of Beasts.
             The game lasted 00:26:29 (24660 turns).

kae the Brawler (Demonspawn Gladiator)             Turns: 24660, Time: 00:26:29

Health: -1/115     AC:  7    Str: 21    XL:     14   Next: 29%
Magic:  14/14      EV: 17    Int: 11    God:    Wu Jian [*****.]
Gold:   1949       SH:  0    Dex: 14    Spells: 13/13 levels left

rFire    . . .     SeeInvis .     - Unarmed
rCold    . . .     Faith    .   (no shield)
rNeg     . . .     Spirit   .   a - +3 leather armour
rPois    +         Reflect  .   (helmet restricted)
rElec    .         Harm     .   (no cloak)
rCorr    .         Rampage  .   (no gloves)
MR       ++...                  (boots unavailable)
Stlth    +.........             w - amulet of regeneration
HPRegen  0.69/turn              (no ring)
MPRegen  0.14/turn              (no ring)

@: studying Armour
A: claws 2, hooves 3, horns 1, demonic guardian 1, foul stench 1, magic
resistance 1, poison resistance, strong 1, evolution 2, rot immunity, MP-powered
wands
a: Wall Jump, Serpent's Lash, Heavenly Storm, Renounce Religion


You were on level 5 of the Lair of Beasts.
You worshipped Wu Jian.
Wu Jian was extremely pleased with you.
You visited 3 branches of the dungeon, and saw 18 of its levels.
You also visited: Ossuary and Bailey.

You collected 2026 gold pieces.
You spent 77 gold pieces at shops.

Inventory:

Missiles
 c - 8 throwing nets (quivered)
Armour
 a - a +3 leather armour (worn)
 j - a +2 pair of boots
Jewellery
 w - an amulet of regeneration (around neck)
 y - an uncursed ring of flight
Wands
 u - a wand of flame (12)
 v - a wand of random effects (21)
 x - a wand of paralysis (9)
 z - a wand of digging (1)
 B - a wand of acid (12)
 D - a wand of enslavement (8)
Scrolls
 e - 4 scrolls of amnesia
 h - 5 scrolls of teleportation
 n - 8 scrolls of remove curse
 o - 4 scrolls of enchant weapon
 q - 2 scrolls of magic mapping
 s - 2 scrolls of fog
 t - 5 scrolls of blinking
Potions
 b - 2 potions of heal wounds
 d - a potion of resistance
 f - 4 potions of curing
 g - 3 potions of lignification
 i - 2 potions of might
 k - a potion of brilliance
 l - 3 potions of flight
 m - a potion of magic
 p - a potion of experience
 r - 2 potions of stabbing
 C - a potion of berserk rage {unknown}
Books
 A - a manual of Armour


   Skills:
 + Level 12.2 Fighting
 - Level 1.7 Throwing
 + Level 12.0 Armour
 - Level 9.0 Dodging
 * Level 15.7 Unarmed Combat


You had 13 spell levels left.
You didn't know any spells.
Your spell library contained the following spells:

 Spells                   Type           Power        Failure   Level
 Animate Skeleton         Necr           #.....       36%         1
 Magic Dart               Conj           #...         36%         1
 Pain                     Necr           #...         36%         1
 Sandblast                Erth           #.....       36%         1
 Shock                    Conj/Air       #...         36%         1
 Summon Small Mammal      Summ           #...         36%         1
 Call Imp                 Summ           #.......     52%         2
 Passwall                 Tmut/Erth      #.......     52%         2
 Searing Ray              Conj           #.....       52%         2
 Swiftness                Air            #.......     52%         2
 Call Canine Familiar     Summ           #.......     75%         3
 Dazzling Flash           Conj/Hex       #.....       75%         3
 Static Discharge         Conj/Air       #.......     75%         3
 Stone Arrow              Conj/Erth      #.....       75%         3
 Summon Guardian Golem    Hex/Summ       #.......     75%         3
 Vampiric Draining        Necr           #.........   75%         3
 Airstrike                Air            #.........   98%         4
 Animate Dead             Necr           #.........   98%         4
 Fulminant Prism          Conj/Hex       #.........   98%         4
 Iskenderun's Mystic Bla  Conj/Tloc      #.......     98%         4
 Petrify                  Tmut/Erth      #.......     98%         4
 Summon Ice Beast         Ice/Summ       #.......     98%         4
 Summon Lightning Spire   Summ/Air       #.......     98%         4
 Agony                    Necr           #.......     100%        5
 Borgnjor's Vile Clutch   Necr/Erth      #.........   100%        5
 Lee's Rapid Deconstruct  Erth           #.........   100%        5
 Lightning Bolt           Conj/Air       #.........   100%        5
 Death Channel            Necr           #.........   100%        6
 Simulacrum               Ice/Necr       #.........   100%        6


Dungeon Overview and Level Annotations

Branches:
Dungeon (12/15)            Temple (1/1) D:4            Lair (5/6) D:10
  Swamp (0/4) Lair:2       Spider (0/4) Lair:3          Orc (0/2) D:12
Ossuary (visited)          Bailey (visited)
  Slime: Lair:5-6

Altars:
Ashenzari
Cheibriados
Dithmenos
Elyvilon
Fedhas
Gozag
Hepliaklqana
Kikubaaqudgha
Makhleb
Nemelex Xobeh
Okawaru
Qazlal
Ru
Sif Muna
Trog
Uskayaw
Vehumet
Wu Jian
Xom
Yredelemnul
Zin
The Shining One

Shops:
D:6 (   D:8 [   D:9 ?   D:10 [

Annotations:
Lair:2 exclusion: oklob plant
Lair:4 3 runed translucent doors, Cakiepeg's ghost, journeyman DDGl


Innate Abilities, Weirdness & Mutations

You have very sharp fingernails.
You have hooves in place of feet.
You have a pair of small horns on your head.
A weak demonic guardian rushes to your aid.
You may emit foul miasma when damaged in melee.
You are immune to rotting.
You are resistant to hostile enchantments. (MR+)
Your system is resistant to poisons. (rPois)
Your muscles are strong. (Str +2)
You rapidly evolve.
You expend magic power (3 MP) to strengthen your wands.


Message History

You feel much better.
Your shadow imp hits the hippogriff.
The hippogriff dies!
The Council accepts your kill. The rime drake barely misses you.
You spin and attack the rime drake.
You mangle the rime drake!!
The rime drake is severely wounded.
The rime drake closely misses you. The rime drake barely misses you.
Your shadow imp barely misses the rime drake.
Items here: ††††.
You miss the rime drake. Your kick misses the rime drake.
The rime drake is severely wounded.
The ice encasing you melts away. The rime drake bites you.
* * * LOW HITPOINT WARNING * * *
You scratch the rime drake. You headbutt the rime drake.
The rime drake is almost dead.
Your shadow imp closely misses the rime drake.
The rime drake breathes ice at you. The flash freeze hits you!!
You die...

..P.... .....# ..... ##...#
..$# .. #....## ...#
....##....#### ...# $
.....#..†.....# ...# k.
....PP.#......###...#.kk
#.....P......5@.#..lllH.
..............k##l..####
..............:.hHl.....
.......#.......##l...<.#
#.............P.........
#..............PP..............
............P..#P..............
#.............###..............
##..........#.# #.............


You could see a rime drake (catching breath) and a friendly shadow imp
(summoned).

Vanquished Creatures
  An orc warlord (Bailey)
  An ettin (D:11)
  2 hydras (Lair:1)
  Harold (Lair:1)
  6 death yaks
  2 two-headed ogres
  An orb spider (Lair:3)
  An orc knight (Bailey)
  An ugly thing (D:12)
  A manticore (Lair:5)
  A cyclops (D:8)
  Maurice (D:9)
  10 elephants (Lair:2)
  A black mamba (Lair:3)
  9 cane toads
  A gargoyle (D:12)
  6 rime drakes
  2 kobold demonologists (D:11)
  3 komodo dragons
  6 trolls
  A bog body (Lair:2)
  Prince Ribbit (D:6)
  11 hippogriffs
  12 blink frogs
  A vampire (D:9)
  6 wyverns
  A wraith (D:11)
  16 yaks
  11 basilisks
  4 vampire mosquitoes (D:12)
  An acid dragon (D:12)
  A hell hound (Lair:5)
  12 porcupines
  11 water moccasins
  12 orc warriors
  2 sky beasts
  2 black bears (D:10)
  2 phantoms
  An eye of draining (D:11)
  2 ice beasts
  10 ogres
  9 centaurs
  4 wolves (Lair:1)
  8 crocodiles
  3 big kobolds
  14 bullfrogs
  3 scorpions
  15 wights
  10 killer bees
  A howler monkey (D:4)
  2 bullfrog zombies
  2 quasits
  4 hounds
  8 orc priests
  A jelly (D:12)
  A bullfrog skeleton (D:5)
  2 centaur skeletons
  Jessica (D:3)
  5 iguanas
  10 worker ants
  7 orc wizards
  Terence (D:2)
  11 mummies (Ossuary)
  A worker ant zombie (D:5)
  13 gnolls
  4 howler monkey skeletons
  12 adders
  A white imp (D:4)
  An ufetubus (D:10)
  2 oozes (D:4)
  An adder zombie (D:7)
  An adder skeleton (D:5)
  2 worms
  3 dart slugs
  2 leopard geckos
  49 orcs
  2 ball pythons (D:1)
  3 bats
  5 giant cockroaches
  31 goblins
  19 hobgoblins
  15 jackals
  16 kobolds
  5 quokkas
  8 frilled lizards
  A giant cockroach zombie (D:5)
  A gnoll skeleton (Ossuary)
  4 kobold skeletons (Ossuary)
  2 leopard gecko skeletons (D:5)
  3 orc skeletons (Ossuary)
  8 rats
  11 rat skeletons (Ossuary)
  A butterfly (Lair:4)
526 creatures vanquished.

Vanquished Creatures (collateral kills)
  A hydra (D:11)
  A death yak (Lair:3)
  An ugly thing (D:11)
  A cane toad (Lair:2)
  A blink frog (Lair:4)
  2 hippogriffs (Lair:5)
  A steam dragon (D:11)
  An orc warrior (Bailey)
  A sky beast (D:10)
  An ogre (D:4)
  A centaur (D:4)
  2 crocodiles (Lair:3)
  A big kobold (D:11)
  2 bullfrogs
  A scorpion (D:8)
  A centaur skeleton (D:4)
  An orc wizard (D:5)
  An adder (D:5)
  3 orcs
  A giant cockroach (D:4)
  A goblin (Bailey)
  2 jackals (D:8)
  A kobold (D:11)
29 creatures vanquished.

Vanquished Creatures (others)
  46 fungi
  43 plants
89 creatures vanquished.

Grand Total: 644 creatures vanquished

Notes
Turn   | Place    | Note
-------+----------+-------------------------------------------
     0 | D:1      | kae the Demonspawn Gladiator began the quest for the Orb.
     0 | D:1      | Reached XP level 1. HP: 16/16 MP: 1/1
    94 | D:1      | Reached skill level 3 in Unarmed Combat
   227 | D:1      | Gained mutation: You have sharp fingernails. [demonic
                  | ancestry]
   227 | D:1      | Reached XP level 2. HP: 21/22 MP: 2/2
   860 | D:2      | Reached skill level 4 in Unarmed Combat
   860 | D:2      | Reached XP level 3. HP: 16/27 MP: 3/3
  1158 | D:2      | Found a basalt altar of Yredelemnul.
  1300 | D:2      | Noticed Terence
  1342 | D:2      | Gained mutation: You have large cloven feet. [demonic
                  | ancestry]
  1342 | D:2      | Reached XP level 4. HP: 13/33 MP: 4/4
  2112 | D:2      | Killed Terence
  2112 | D:2      | Reached skill level 5 in Unarmed Combat
  2439 | D:2      | Reached XP level 5. HP: 39/39 MP: 5/5
  3147 | D:3      | Noticed Jessica
  3164 | D:3      | Killed Jessica
  3164 | D:3      | Gained mutation: A weak demonic guardian rushes to your
                  | aid. [demonic ancestry]
  3164 | D:3      | Reached XP level 6. HP: 47/47 MP: 6/6
  3236 | D:3      | Found a glowing golden altar of the Shining One.
  3922 | D:4      | Found a staircase to the Ecumenical Temple.
  4010 | D:4      | Reached skill level 6 in Unarmed Combat
  4551 | D:4      | Gained mutation: You are immune to rotting. [demonic
                  | ancestry]
  4551 | D:4      | Reached XP level 7. HP: 54/54 MP: 7/7
  4564 | D:4      | Reached skill level 7 in Unarmed Combat
  4676 | D:4      | Found an opulent altar of Gozag.
  5133 | D:5      | Entered Level 5 of the Dungeon
  5907 | D:5      | Reached skill level 5 in Fighting
  6017 | D:5      | Reached XP level 8. HP: 40/62 MP: 8/8
  6408 | D:6      | Noticed a two-headed ogre
  6665 | D:6      | Found Vusu's Weapon Boutique.
  6678 | D:6      | Reached skill level 8 in Unarmed Combat
  7210 | D:6      | Killed a two-headed ogre
  7210 | D:6      | Reached skill level 9 in Unarmed Combat
  7409 | D:6      | Noticed Prince Ribbit
  7425 | D:6      | Killed Prince Ribbit
  7425 | D:6      | Gained mutation: You have very sharp fingernails. [demonic
                  | ancestry]
  7425 | D:6      | Reached XP level 9. HP: 40/71 MP: 9/9
  7737 | D:6      | Found a blossoming altar of Fedhas.
  8103 | D:7      | Reached skill level 10 in Unarmed Combat
  8146 | D:7      | Found a sand-covered staircase.
  8172 | Ossuary  | Entered an ossuary
  9358 | D:8      | Noticed a cyclops
  9831 | D:8      | Killed a cyclops
  9831 | D:8      | Reached skill level 11 in Unarmed Combat
  9951 | D:8      | Found a broken altar of Ashenzari.
 10109 | D:8      | Found Xiytt's Antique Armour Shoppe.
 10206 | D:8      | Gained mutation: You have a pair of small horns on your
                  | head. [demonic ancestry]
 10206 | D:8      | Reached XP level 10. HP: 80/80 MP: 10/10
 10439 | D:8      | Found a shimmering blue altar of Sif Muna.
 10653 | D:8      | Identified a scroll of acquirement
 10653 | D:8      | Acquired a manual of Armour
 10685 | D:9      | Noticed Maurice
 10695 | D:9      | Killed Maurice
 10695 | D:9      | Reached skill level 1 in Armour
 11191 | D:9      | Found Toytepuw's Magic Scroll Shoppe.
 11194 | D:9      | Bought a scroll of identify for 28 gold pieces
 11194 | D:9      | Bought a scroll of magic mapping for 49 gold pieces
 11643 | D:10     | Entered Level 10 of the Dungeon
 11787 | D:10     | Reached skill level 12 in Unarmed Combat
 11806 | D:10     | Found a staircase to the Lair.
 11809 | D:10     | HP: 1/83 [porcupine's spines (6)]
 11825 | D:10     | Found Ynelik's Armour Shoppe.
 12169 | D:10     | Reached skill level 5 in Armour
 12296 | Temple   | Entered the Ecumenical Temple
 12418 | Temple   | Became a worshipper of the Wu Jian Council
 13112 | D:11     | Reached XP level 11. HP: 86/89 MP: 11/11
 13142 | D:11     | Noticed a brown ugly thing
 13159 | D:11     | HP: 2/89 [killer bee (9)]
 13199 | D:11     | Reached * piety under Wu Jian
 13228 | D:11     | Noticed a seven-headed hydra
 13292 | D:11     | Gained mutation: You evolve. [potion of mutation]
 13292 | D:11     | Gained mutation: You rapidly evolve. [potion of mutation]
 13293 | D:11     | Gained mutation: You may emit foul miasma when damaged in
                  | melee. [demonic ancestry]
 13293 | D:11     | Reached XP level 12. HP: 19/96 MP: 12/12
 13391 | D:11     | Found a flagged portal.
 13412 | Bailey   | Entered a bailey
 13731 | Bailey   | Reached ** piety under Wu Jian
 14071 | Bailey   | Gained mutation: You expend magic power (3 MP) to
                  | strengthen your wands. [evolution]
 14097 | Bailey   | Reached *** piety under Wu Jian
 14247 | Bailey   | Noticed an orc warlord
 14269 | Bailey   | Killed an orc warlord
 14269 | Bailey   | Reached skill level 13 in Unarmed Combat
 14279 | Bailey   | Reached skill level 10 in Fighting
 14289 | Bailey   | HP: 4/97 [orc warrior/+0 war axe (6)]
 14657 | Bailey   | Acquired 733 gold pieces
 14665 | D:11     | Killed a seven-headed hydra
 14721 | D:11     | Noticed a two-headed ogre
 14731 | D:11     | Killed a two-headed ogre
 15210 | D:11     | Noticed an ettin
 15232 | D:11     | Killed an ettin
 15910 | D:12     | Gained mutation: You are resistant to hostile enchantments.
                  | (MR+) [evolution]
 15912 | D:12     | Found a staircase to the Orcish Mines.
 17326 | Lair:1   | Entered Level 1 of the Lair of Beasts
 17458 | Lair:1   | Gained mutation: You have hoof-like feet. [demonic
                  | ancestry]
 17458 | Lair:1   | Reached XP level 13. HP: 97/104 MP: 13/13
 17718 | Lair:1   | Reached skill level 14 in Unarmed Combat
 18853 | Lair:1   | Noticed Harold
 18863 | Lair:1   | Killed Harold
 19735 | Lair:2   | Reached **** piety under Wu Jian
 19788 | Lair:2   | Reached skill level 10 in Armour
 20000 | Lair:2   | Gained mutation: Your muscles are strong. (Str +2)
                  | [evolution]
 20526 | Lair:2   | Found a shimmering altar of Xom.
 20687 | Lair:2   | Found a staircase to the Swamp.
 22683 | Lair:3   | Reached skill level 15 in Unarmed Combat
 22875 | Lair:3   | Gained mutation: Your system is resistant to poisons.
                  | (rPois) [evolution]
 23428 | Lair:3   | Found a hole to the Spider Nest.
 23656 | Lair:4   | Gained mutation: You have hooves in place of feet. [demonic
                  | ancestry]
 23656 | Lair:4   | Reached XP level 14. HP: 101/114 MP: 14/14
 23848 | Lair:4   | Found a runed translucent gate.
 23849 | Lair:4   | Found a runed translucent gate.
 23850 | Lair:4   | Found a runed translucent gate.
 23851 | Lair:4   | Noticed Cakiepeg's ghost (journeyman DDGl)
 24058 | Lair:4   | Reached ***** piety under Wu Jian
 24656 | Lair:5   | HP: 5/115 [rime drake/flash freeze (13)]
 24656 | Lair:5   | HP: 1/115 [hippogriff (4)]
 24660 | Lair:5   | Killed from afar by a rime drake

Illustrated notes

Levels and vault maps discovered:
D:1:      dpeg_arrival_yet_another_circle, layout_basic, grunt_decor_cap,
          due_unseen_surprise
D:2:      minmay_kobold_bridge, layout_loops_ring,
          nicolae_overflow_crystal_walls, uniq_terence
D:3:      layout_loops_ring, lemuel_crystal_altar, serial_co_window_serial,
          co_window_of_opportunity_a, co_window_paths_a, co_window_corner_a,
          co_window_corner_a, co_window_of_opportunity_a,
          co_window_of_opportunity_a, co_window_cross_1, co_window_corner_b,
          co_window_broadway_a, co_window_corner_cb, co_window_paths_c,
          co_window_2corner, co_window_corner_b, co_window_of_opportunity_b,
          glass_columns_c, glass_columns_b, glass_columns_b, glass_columns_a,
          glass_columns_a, uniq_jessica
D:4:      layout_basic, overflow_temple_1_default,
          minmay_temple_entry_statues_fountains
D:5:      layout_rooms, moated_statue
D:6:      lemuel_ice_spiral_2, layout_basic, lemuel_round_altar, serial_shops,
          kennysheep_little_box, uniq_prince_ribbit1
D:7:      layout_basic, enter_ossuary_1
D:8:      layout_basic, evilmike_ruin_ashenzari, led_sif_pool, serial_shops,
          nicolae_shop_window_shopping, moated_statue, minmay_sticks_and_stones
D:9:      layout_gridville, serial_shops, kennysheep_mini, bh_walls_and_bars,
          uniq_maurice
D:10:     layout_rooms, due_lair_maze_entry_diamond, serial_shops, shop
D:11:     layout_basic, enter_bailey_6, kennysheep_just_a_vault
D:12:     layout_rooms
Temple:   compressed_dpeg_circular_temple
Lair:1:   layout_cave_pods, grunt_megastairs_4, serial_bayou_shore_b,
          uniq_harold
Lair:2:   layout_regular_city, skrybe_swamp_entry_bodies, lemuel_oklob_altar,
          grunt_megastairs_3
Lair:3:   layout_cave_shapes, nicolae_spider_entry_orb_guardian
Lair:4:   layout_big_grid, maelrawn_ghost_gauntlet_escape,
          chequers_serial_rivers_micro_b, lemuel_fruit_fields
Lair:5:   layout_gridlike, slime_altar_1, special_room
          [special_room_mythical_zoo], uniq_rupert

Skill      XL: |  1  2  3  4  5  6  7  8  9 10 11 12 13 14 |
---------------+-------------------------------------------+-----
Unarmed Combat | 3 4 5 6 7 9 11 12 13 15 | 15.7
Fighting       | 3 4 5 6 8 9 10 11 12 | 12.2
Dodging        | 3 9 |  9.0
Armour         | 5 6 9 11 12 | 12.0
Throwing       | |  1.7

Action                   |  1- 3 |  4- 6 |  7- 9 | 10-12 | 13-15 || total
-------------------------+-------+-------+-------+-------+-------++-------
Melee: Unarmed           |    91 |   218 |   381 |   566 |   460 ||  1716
       Punch             |     1 |     5 |    25 |    31 |    41 ||   103
       Kick              |       |    16 |       |       |    36 ||    52
       Headbutt          |       |       |       |    97 |    99 ||   196
Invok: Lunge             |       |       |       |    37 |    19 ||    56
       Whirlwind         |       |       |       |    14 |    31 ||    45
       Serpent's Lash    |       |       |       |     4 |     2 ||     6
 Abil: Wall Jump         |       |       |       |     3 |     2 ||     5
Evoke: Wand              |       |       |     1 |     6 |       ||     7
  Use: Scroll            |     3 |     9 |    11 |    13 |     4 ||    40
       Potion            |     1 |       |     2 |    16 |     2 ||    21
 Stab: Sleeping          |       |     1 |     1 |       |     1 ||     3
       Distracted        |       |     3 |     1 |     2 |     3 ||     9
Armor: Leather armour    |    37 |    45 |    85 |    99 |    95 ||   361
       Skin              |       |       |    46 |       |       ||    46
Dodge: Dodged            |    52 |   116 |   165 |   341 |   283 ||   957

Table legend: (Time is in decaauts)
 A = Elapsed time spent in this place.
 B = Non-inter-level travel time spent in this place.
 C = Inter-level travel time spent in this place.
 D = Time resting spent in this place.
 E = Time spent auto-exploring this place.
 F = Levels seen in this place.
 G = Mean time per level.
                   A        B        C        D        E       F      G
               +--------+--------+--------+--------+--------+-----+--------+
         Total |  24370 |  23495 |    875 |   6792 |  13452 |  20 | 1218.5 |
       Dungeon |  15334 |  14655 |    679 |   3797 |   8666 |  12 | 1277.8 |
        Temple |    156 |     97 |     59 |      0 |     96 |   1 |  156.0 |
          Lair |   7243 |   7107 |    136 |   2407 |   3975 |   5 | 1448.6 |
       Ossuary |    435 |    435 |      0 |     94 |    228 |   1 |  435.0 |
        Bailey |   1200 |   1200 |      0 |    494 |    486 |   1 | 1200.0 |
               +--------+--------+--------+--------+--------+-----+--------+

Top non-repeatable levels by time:
  Lair:2: 2976 daAuts
  Lair:1: 2237 daAuts
     D:4: 1891 daAuts
     D:2: 1835 daAuts
    D:11: 1716 daAuts
     D:6: 1569 daAuts
    D:12: 1378 daAuts
     D:3: 1350 daAuts
     D:7: 1338 daAuts
     D:9: 1326 daAuts
  Bailey: 1200 daAuts
  Lair:3: 1052 daAuts
     D:8: 1001 daAuts
     D:5: 723 daAuts
  Lair:4: 694 daAuts
